 Dungeon Crawl Stone Soup version 0.17-a0-1910-g4c791fa (webtiles) character file.

12907418 Lombar the Conqueror (level 27, 199/199 HPs)
             Began as a Gargoyle Earth Elementalist on Sept 21, 2015.
             Was the Champion of Vehumet.
             Escaped with the Orb
             ... and 15 runes on Sept 26, 2015!
             The game lasted 20:10:02 (124788 turns).

Lombar the Conqueror (GrEE)                       Turns: 124788, Time: 20:10:02

Health: 199/199    AC: 47    Str: 15    XL:     27
Magic:  51/51      EV: 22    Int: 37    God:    Vehumet [******]
Gold:   8347       SH:  7    Dex:  8    Spells: 12 memorised, 11 levels left

rFire  + + .     SeeInvis .     F - staff of earth
rCold  + . .     Rnd*Rage +     w - +3 leather armour "Low Siel" {rF+ rC+ Int+5}
rNeg   + + +     SustAt   .     C - +3 buckler {reflect}
rPois  ∞         Gourm    .     E - +2 hat
rElec  +         Spirit   .     i - +2 cloak {MR+}
rCorr  .         Warding  +     B - +1 pair of gloves "Nokol" {rElec rC+}
rMut   .         Stasis   .     f - +2 pair of boots of the Assassin {DetectMon Stab+ Stlth++}
MR     +++..                    t - brooch of Shielding {Ward rN+ AC+4 EV+4}
Stlth  ++........               z - +4 ring of intelligence
                                J - ring of the Nine Dances {+Fly rC- rN++ Int+4 Stlth+}

@: flying, extremely resistant to hostile enchantments, unstealthy
A: antennae 1, big wings, iridescent scales 1, berserk 1, blurry vision 1,
clumsy 1, dopey 1, fire resistance 1, negative energy resistance 1, electricity
resistance, unbreathing, petrification resistance, rot immunity, MP-powered
wands, AC +20
a: Stop Flying, Renounce Religion
0: Orb of Zot
}: 15/15 runes: serpentine, barnacled, slimy, silver, golden, iron, obsidian,
icy, bone, abyssal, demonic, glowing, magical, fiery, dark


You escaped.
You worshipped Vehumet.
Vehumet was exalted by your worship.
You were very full.

You visited 18 branches of the dungeon, and saw 95 of its levels.
You visited Pandemonium 3 times, and saw 19 of its levels.
You visited the Abyss 5 times.
You visited 1 ziggurat, and saw 8 of its levels.
You also visited: Ossuary.

You collected 15150 gold pieces.
You spent 6803 gold pieces at shops.

Inventory:

Hand weapons
 q - the +1 mace of the Valley {crush, rC+ rN+ MP+9}
   (You found it on level 4 of the Dungeon)

   It inflicts extra damage upon your enemies.
   It protects you from cold.
   It protects you from negative energy.
   It affects your magic capacity (+9).
 u - the +4 Staff of Dispater
   (You took it off Dispater on level 7 of the Iron City of Dis)
Armour
 f - the +2 pair of boots of the Assassin (worn) {DetectMon Stab+ Stlth++}
   (You bought it in a shop on level 1 of the Orcish Mines)

   It makes you much more stealthy.
 i - a +2 cloak of magic resistance (worn)
 w - the +3 leather armour "Low Siel" (worn) {rF+ rC+ Int+5}
   (You found it in Pandemonium)

   It affects your intelligence (+5).
   It protects you from fire.
   It protects you from cold.
 y - the cursed +0 ring mail "Zourana Cimi" {-Cast MR+ rCorr, unknown}
   (You found it on level 7 of the Iron City of Dis)

   It affects your resistance to hostile enchantments.
   It prevents spellcasting.
   It protects you from acid and corrosion.
   It has a curse placed upon it.
 B - the +1 pair of gloves "Nokol" (worn) {rElec rC+}
   (You found it on level 3 of the Crypt)

   It protects you from cold.
   It insulates you from electricity.
 C - a +3 buckler of reflection (worn)
 E - a +2 hat (worn)
 Y - the +5 ring mail of Fedhas's Pride {rPois rF++ Int-2 Dex+2}
   (You took it off an orc knight on level 3 of the Vaults)

   It affects your intelligence (-2).
   It affects your dexterity (+2).
   It greatly protects you from fire.
   It protects you from poison.
Magical staves
 F - an uncursed staff of earth (weapon)
Jewellery
 g - the ring "Goibewali" {SustAt rElec rPois MP+9 Str-3, unknown}
   (You took it off Dispater on level 7 of the Iron City of Dis)

   [ring of sustain attributes]

   It sustains your strength, intelligence and dexterity.
   It affects your strength (-3).
   It insulates you from electricity.
   It protects you from poison.
   It affects your magic capacity (+9).
 t - the brooch of Shielding (around neck) {Ward rN+ AC+4 EV+4}
   (You bought it in a shop on level 4 of the Orcish Mines)

   [amulet of warding]

   It may prevent the melee attacks of summoned creatures.
   It affects your AC (+4).
   It affects your evasion (+4).
   It protects you from negative energy.
 z - a +4 ring of intelligence (right hand)
 J - the ring of the Nine Dances (left hand) {+Fly rC- rN++ Int+4 Stlth+}
   (You found it on level 3 of the Elven Halls)

   [ring of stealth]

   It affects your intelligence (+4).
   It makes you vulnerable to cold.
   It greatly protects you from negative energy.
   It lets you fly.
   It makes you more stealthy.
Magical devices
 h - a wand of digging (5)
 p - a wand of lightning (7)
 L - a wand of teleportation (6)
 Z - a wand of hasting (7)
Scrolls
 b - 6 scrolls of blinking
 d - a scroll of recharging
 s - 3 scrolls of summoning
 v - 10 scrolls of teleportation
 G - 31 scrolls of remove curse
 T - 3 scrolls of fear
Potions
 c - 6 potions of cancellation
 e - 6 potions of invisibility
 j - 15 potions of curing
 l - 8 potions of agility
 m - 7 potions of brilliance
 o - 2 potions of heal wounds
 x - 2 potions of resistance
 O - 10 potions of might
 R - 8 potions of haste
Miscellaneous
 a - a disc of storms
 k - the horn of Geryon
 r - a phial of floods
 Q - a fan of gales
Comestibles
 n - 4 bread rations
 A - 27 fruits


   Skills:
 O Level 27 Fighting
 - Level 11.2(12.7) Maces & Flails
 - Level 10.1(12.1) Staves
 - Level 11.0 Armour
 + Level 18.6 Dodging
 - Level 2.1 Stealth
 - Level 4.0 Shields
 - Level 24.2 Spellcasting
 + Level 23.8 Conjurations
 + Level 16.5 Charms
 - Level 0.7 Transmutations
 - Level 24.0 Fire Magic
 + Level 24.1 Earth Magic
 * Level 25.2 Evocations


You had 11 spell levels left.
You knew the following spells:

 Your Spells              Type           Power        Failure   Level  Hunger
a - Bolt of Magma         Conj/Fire/Erth ########..   0%          5    None
b - Ring of Flames        Chrm/Fire      ########..   1%          7    None
c - Stoneskin             Trmt/Erth      ########     0%          2    None
d - Lee's Rapid Deconstr  Erth           ########..   0%          5    None
e - Iron Shot             Conj/Erth      ########..   0%          6    None
f - Fireball              Conj/Fire      ########..   0%          5    None
g - Delayed Fireball      Conj/Fire      N/A          1%          7    None
h - Swiftness             Chrm/Air       ######..     1%          2    None
i - Lehudib's Crystal Sp  Conj/Erth      ########..   1%          8    None
k - Regeneration          Chrm/Necr      #######...   1%          3    None
l - Fire Storm            Conj/Fire      ########..   1%          9    ###....
n - Shatter               Erth           ########..   1%          9    ###....


Dungeon Overview and Level Annotations

Branches:
Dungeon (15/15)            Temple (1/1) D:5            Lair (8/8) D:8
 Shoals (4/4) Lair:6        Snake (4/4) Lair:4        Slime (6/6) Lair:7
    Orc (4/4) D:12            Elf (3/3) Orc:3        Vaults (5/5) D:13
  Crypt (3/3) Vaults:3       Tomb (3/3) Crypt:3      Depths (5/5) D:15
   Hell (1/1)                 Dis (7/7) Hell            Geh (7/7) Hell
    Coc (7/7) Hell            Tar (7/7) Hell            Zot (5/5) Depths:5

Altars:
Ashenzari
Cheibriados
Dithmenos
Elyvilon
Fedhas
Gozag
Kikubaaqudgha
Makhleb
Nemelex Xobeh
Okawaru
Qazlal
Ru
Sif Muna
Trog
Vehumet
Xom
Yredelemnul
Zin
The Shining One
Jiyva

Shops:
D:7 (   Orc:1 *![%   Orc:2 ([[   Orc:4 !!==*=   Elf:1 !   Elf:2 *   Elf:3 =
Shoals:1 }   Snake:1 ?   Vaults:3 %::?   Vaults:4 =

Portals:
Hell: Lair:8 Depths:1 Depths:2 Depths:3 Depths:4 Depths:5
Abyss: Depths:4
Pandemonium: Depths:2 Depths:3 Depths:5

Annotations:
D:6 Lom Lobon
Elf:2 Garrluk's ghost, mighty OgGl
Geh:7 Asmodeus
Tar:7 Ereshkigal


Innate Abilities, Weirdness & Mutations

You are resistant to torment.
Your stone body is resilient (AC +20).
You are immune to poison.
Your large and strong wings let you fly indefinitely.
You resist negative energy.
You are resistant to electric shocks.
You can survive without breathing.
You are immune to petrification.
You are immune to rotting.
You have a pair of small antennae on your head.
You are partially covered in iridescent scales (AC +4).
You tend to lose your temper in combat.
Scrolls take you a little longer to read.
You are clumsy. (Dex -2)
You are dopey. (Int -2)
Your flesh is heat resistant.
You expend magic power (3 MP) to strengthen your wands.


Message History

The hell hound barks! x2
The hell hound breathes flames at you. The blast of flame hits you!
There is a stone staircase leading up here.
The hell hound closely misses you.
You fly upwards.
There is a stone staircase leading down here.
A sun demon comes into view.
Casting: Regeneration
Confirm with . or Enter, or press ? or * to list all spells.
Aiming: Iron Shot
Press: ? - help, Shift-Dir - straight line, f - sun demon
Aim: a sun demon You feel a surge of power!
The iron shot hits the sun demon.
You kill the sun demon!
Vehumet accepts your kill.
You feel your power returning.
There is an open door here.
There is a staircase leading out of the dungeon here.
You have escaped!

#......#..≈≈≈≈≈≈.........'.....#
#......#...≈≈.......≈≈...#.....#
#..................≈≈≈≈≈≈##...##
#..................≈≈≈≈≈≈≈#####≈
#......#..........≈≈≈≈≈≈≈≈≈≈≈≈≈≈
#......#.....##'##≈≈≈≈≈≈≈≈≈≈≈≈≈≈
#......#..≈≈##...##≈≈≈≈≈≈≈≈≈≈≈≈≈
#........≈≈≈#.....#≈≈≈≈≈≈≈≈≈≈≈≈≈
##.......≈≈≈#..@..#≈≈≈≈≈≈≈≈≈≈≈≈≈
#.......≈≈≈#.....#≈≈≈≈≈≈≈≈≈≈≈≈≈
#........≈≈##...##≈≈≈≈≈≈≈≈≈≈≈≈≈
#......#.≈≈≈#####≈≈≈≈≈≈≈≈≈≈≈≈≈≈
#......#..≈≈≈≈≈≈≈≈≈≈≈≈≈≈≈≈≈≈≈≈≈
#......##.≈≈≈≈≈≈≈≈≈≈≈≈≈≈...≈≈≈≈
#......##..≈≈≈≈≈≈≈≈≈≈≈≈..#...≈.
#......###..≈≈≈≈≈≈≈.....####...
#......# ##..≈≈.....##### ####


There were no monsters in sight!

Vanquished Creatures
  Antaeus (Coc:7)
  the royal jelly (Slime:6)
  Gloorx Vloq (Pan)
  the Serpent of Hell (Tar:7)
  Mnoleg (Pan)
  Dispater (Dis:7)
  Khufu (Tomb:3)
  2 orbs of fire (Zot:5)
  6 ancient liches
  Mennas (Vaults:3)
  35 greater mummies
  2 shard shrikes (Coc:7)
  Frederick (Vaults:5)
  Margery (Depths:1)
  Saint Roka (Vaults:3)
  Vashnia (Snake:4)
  4 Killer Klowns (Zot:5)
  A curse toe (Zot:3)
  6 pandemonium lords
  Geryon (Hell)
  6 golden dragons
  The ghost of SkyBlueFox the Slingshot, a great HaHu of the Shining One (Depths:3)
  Nikola (Elf:2)
  A profane servitor (Crypt:3)
  Jory (Depths:4)
  7 bone dragons
  24 Brimstone Fiends
  4 electric golems
  Jorgrun (Vaults:2)
  Rupert (Snake:1)
  21 Ice Fiends
  10 Hell Sentinels
  22 tentacled monstrosities
  17 liches
  Asterion (Vaults:1)
  3 titans (Vaults:5)
  20 Shadow Fiends
  27 Orb Guardians
  3 quicksilver dragons (Dis:7)
  3 deep elf blademasters
  26 acid blobs
  Murray (Hell)
  9 tentacled starspawn
  11 sphinxes
  2 krakens
  2 eldritch tentacles
  Polyphemus (Shoals:2)
  2 octopode crushers
  12 ancient champions
  30 Executioners
  10 death cobs
  Kirke (Shoals:2)
  3 draconian monks
  8 shadow dragons
  Roxanne (Elf:2)
  9 greater nagas
  9 revenants
  15 storm dragons
  9 azure jellies
  10 tengu reavers
  13 deep elf sorcerers
  3 ghost moths
  4 chaos champions
  Maud (Orc:2)
  5 draconian knights
  17 fire giants
  A frost giant (Depths:5)
  7 draconian scorchers
  Aizul (Vaults:1)
  Louise (Shoals:4)
  23 balrugs
  17 vault wardens
  4 iron dragons
  22 ironheart preservers
  A warmonger (Pan)
  6 curse skulls
  14 cacodemons (Pan)
  10 draconian zealots
  10 war gargoyles
  2 ghouls
  An ophan (Abyss:1)
  16 very ugly things
  9 draconian annihilators
  4 draconian shifters
  55 reapers
  10 vampire knights
  2 elemental wellsprings (Coc:7)
  11 salamander firebrands
  18 stone giants
  16 black draconians
  10 blood saints (Pan)
  3 draconian callers
  The ghost of zigs the Bludgeoner, a powerful OgWr of Cheibriados (Lair:4)
  3 corrupters (Pan)
  11 deep elf demonologists
  15 lorocyprocas
  The ghost of johnspovegas the Blocker, a powerful GrFi (Snake:3)
  13 white draconians
  15 deep elf annihilators
  12 green draconians
  Azrael (Elf:2)
  13 mottled draconians
  2 bennus (Tomb:1)
  11 yellow draconians
  10 red draconians
  11 ettins
  13 purple draconians
  4 black suns (Pan)
  9 death oozes
  4 eidola
  13 deep elf death magi
  9 merfolk javelineers
  16 green deaths
  21 mummy priests
  12 blizzard demons
  4 crystal guardians
  2 quicksilver dragon zombies
  43 vault guards
  19 fire dragons
  9 merfolk impalers
  Josephine (Orc:3)
  14 yaktaur captains
  3 kraken zombies
  The ghost of DecibelRebel the Severer, a powerful HOFi of Okawaru (D:10)
  A great orb of eyes (shapeshifter) (Abyss:4)
  18 jiangshi
  5 deep elf high priests
  11 great orbs of eyes
  10 hydras
  4 quicksilver dragon skeletons
  6 rakshasas
  4 entropy weavers
  14 naga warriors
  A ghost crab (Tar:7)
  5 hell beasts
  A catoblepas (Shoals:2)
  18 ice dragons
  9 centaur warriors
  10 monstrous demonspawn (Pan)
  6 merfolk avatars
  5 tengu warriors
  2 alligator snapping turtles (Shoals:4)
  11 anacondas
  6 death knights
  2 spriggan air magi
  3 satyrs
  2 satyrs (shapeshifter)
  6 merfolk aquamancers
  25 dancing weapons
  15 death yaks
  2 orc high priests
  11 deep troll earth magi
  19 ogre magi
  14 deep troll shamans
  2 spriggan berserkers
  8 vampire magi
  9 hell hogs
  19 naga sharpshooters
  19 thrashing horrors
  13 shock serpents
  Urug (Orc:2)
  A titan zombie (Geh:7)
  28 soul eaters
  Sonja (Lair:4)
  Nergalle (D:8)
  An iron golem (Geh:2)
  22 deep elf knights
  A storm dragon skeleton (Geh:4)
  5 storm dragon zombies
  22 ice devils
  A titan skeleton (Geh:1)
  25 sun demons
  7 wretched stars
  A fire crab (shapeshifter) (Vaults:4)
  138 skeletal warriors
  4 salamander mystics
  The ghost of gilsham the Cleaver, an experienced FoFi (D:8)
  71 hell knights
  A death drake (shapeshifter) (Abyss:4)
  4 iron trolls
  45 deep trolls
  13 flayed ghosts
  3 unseen horrors
  9 naga ritualists
  4 ball lightnings
  A quicksilver dragon simulacrum (Abyss:4)
  9 sea snakes
  2 death drakes (Zig:7)
  21 death scarabs
  7 gelid demonspawn (Pan)
  9 infernal demonspawn (Pan)
  3 golden dragon zombies
  A spatial maelstrom (Abyss:4)
  14 torturous demonspawn (Pan)
  11 shadow wraiths
  3 harpies (Shoals:3)
  20 shadow demons
  4 anaconda zombies
  2 unseen horrors (shapeshifter)
  3 swamp dragons (Zig:7)
  9 wizards
  3 ice statues
  3 giant orange brains
  11 putrid demonspawn
  An anaconda skeleton (Coc:3)
  An obsidian statue (Zig:8)
  20 ironbrand convokers
  8 hill giants
  10 orc knights
  Pikel (D:4)
  A lindwurm (Lair:7)
  24 necromancers
  An orb spider (shapeshifter) (Vaults:2)
  21 deep elf summoners
  20 deep elf conjurers
  5 golden dragon skeletons
  9 wolf spider zombies
  2 shadow dragon zombies
  14 griffons
  6 mana vipers
  5 iron dragon zombies
  37 ugly things
  7 shadow dragon skeletons
  8 stone giant zombies
  10 anubis guards
  6 water nymphs
  A tengu skeleton (Vaults:4)
  10 cyclopes
  20 phantasmal warriors
  5 fire giant zombies
  3 hornets
  7 wolf spiders
  7 manticores
  6 oklob plants (Lair:3)
  40 sixfirhies
  3 eyes of devastation
  36 salamanders
  4 shining eyes
  33 elephants
  2 dire elephant zombies
  7 orc sorcerers
  44 black mambas
  32 rust devils
  12 fauns
  A moth of wrath (shapeshifter) (D:14)
  A salamander (shapeshifter) (Depths:1)
  A shock serpent zombie (Dis:7)
  8 fire giant skeletons
  A frost giant skeleton (Geh:2)
  7 iron dragon skeletons
  5 molten gargoyles
  Joseph (D:8)
  30 moths of wrath
  An elephant (shapeshifter) (Depths:4)
  62 smoke demons
  13 sirens
  15 vault sentinels
  2 worldbinders
  2 apocalypse crabs (Abyss:4)
  4 stone giant skeletons
  6 guardian serpents
  8 spectral swamp worms (Tar:7)
  A torpor snail (shapeshifter) (Vaults:4)
  A guardian serpent (shapeshifter) (Abyss:4)
  34 orange demons
  An eye of devastation (shapeshifter) (Depths:2)
  6 human zombies
  19 naga magi
  4 dire elephant skeletons
  21 spiny frogs
  A shock serpent skeleton (Geh:7)
  74 large abominations
  A gargoyle (D:11)
  A redback zombie (Crypt:1)
  2 catoblepas zombies
  3 emperor scorpion zombies
  6 efreet
  32 tormentors
  35 hellions
  An anaconda simulacrum (Coc:7)
  A black draconian zombie (Crypt:1)
  54 yaktaurs
  38 hellwings
  28 guardian mummies
  A green draconian skeleton (Crypt:2)
  A grey draconian skeleton (Crypt:1)
  4 fire drakes
  9 hydra zombies
  2 yaktaurs (shapeshifter)
  3 iron troll zombies (Dis:3)
  8 demonic crawlers
  2 silent spectres
  3 harpy zombies
  40 red devils
  10 ancient zymes
  22 deep elf priests
  A purple draconian skeleton (Crypt:1)
  5 iron troll skeletons (Dis:3)
  11 trolls
  9 komodo dragons
  3 catoblepas skeletons
  3 human skeletons
  A white draconian skeleton (Crypt:2)
  26 freezing wraiths
  7 tengu conjurers
  A queen bee (D:13)
  9 raiju
  24 blue devils
  28 merfolk
  2 harpy skeletons
  5 jumping spiders
  A troll (shapeshifter) (Vaults:5)
  Grinder (D:5)
  20 blink frogs
  Prince Ribbit (D:6)
  A wind drake (shapeshifter) (Vaults:3)
  7 alligator zombies
  40 two-headed ogres
  2 human simulacra (Vaults:4)
  3 wind drakes
  5 boulder beetles
  23 ushabtiu
  7 hydra skeletons
  A trapdoor spider zombie (D:14)
  2 slime creatures (shapeshifter)
  7 bog bodies (Coc:7)
  6 ice dragon zombies
  3 fire dragon zombies
  6 ettin zombies
  131 flying skulls
  4 wyverns
  77 slime creatures
  A black mamba zombie (Crypt:2)
  A centaur simulacrum (D:14)
  2 alligator skeletons
  5 ettin skeletons
  2 snapping turtles
  25 ynoxinuls
  21 deep elf magi
  A trapdoor spider (shapeshifter) (D:15)
  12 redbacks
  4 tarantellas
  6 air elementals
  4 fire dragon skeletons
  5 ice dragon skeletons
  36 wraiths
  27 water elementals
  29 shadows
  10 hippogriffs
  3 black mamba skeletons
  5 basilisks
  3 fire bats (Abyss:1)
  24 starcursed masses
  33 yaks
  Eustachio (D:4)
  2 fire bats (shapeshifter)
  17 golden eyes
  24 fire elementals
  13 vampires
  3 hogs (Shoals:2)
  11 chaos spawn
  17 small abominations
  48 deep elf fighters
  9 hungry ghosts
  26 neqoxecs
  3 mottled dragons
  3 steam dragons
  6 wargs
  23 wolves
  48 hell hounds
  11 water moccasins
  10 spiny frog zombies
  A hydra simulacrum (Crypt:3)
  A putrid demonspawn zombie (Crypt:1)
  44 orc warriors
  A soldier ant (D:13)
  28 vampire mosquitoes
  52 nagas
  3 deep troll skeletons
  4 spatial vortices
  A swamp drake (D:12)
  A black bear (D:7)
  3 spiny frog skeletons
  3 swamp dragon zombies
  15 ice beasts
  A spider (shapeshifter) (Depths:5)
  31 necrophages
  An ogre (shapeshifter) (Elf:1)
  71 ogres
  6 snapping turtle zombies
  An ice dragon simulacrum (Hell)
  8 spiders (Snake:3)
  6 sky beasts
  An alligator simulacrum (Hell)
  An ettin simulacrum (Vaults:3)
  2 manticore zombies
  An eye of draining (shapeshifter) (Vaults:3)
  11 eyes of draining
  A wasp (D:9)
  3 boggarts (Depths:2)
  26 crocodiles
  3 phantoms
  16 porcupines
  A snapping turtle skeleton (Geh:1)
  24 centaurs
  5 brain worms
  26 giant frogs
  An elf skeleton (Hell)
  A draconian skeleton (Crypt:1)
  A wyvern skeleton (D:10)
  A spiny frog simulacrum (Hell)
  3 scorpions
  67 wights
  27 killer bees
  A troll skeleton (Hell)
  A spriggan skeleton (Geh:5)
  3 electric eels
  14 crimson imps
  A giant frog zombie (D:6)
  5 hounds
  6 quasits
  Crazy Yiuf (D:3)
  A demonspawn zombie (Crypt:1)
  40 orc priests
  34 jellies
  45 orc wizards
  5 centaur skeletons
  2 centaur zombies
  17 iron imps
  Jessica (D:3)
  Terence (D:3)
  7 giant frog skeletons
  8 iguanas
  A lightning spire (Zot:2)
  13 worker ants
  37 sheep
  2 tengu zombies
  A big kobold zombie (Ossuary)
  A dwarf skeleton (Crypt:2)
  54 mummies
  2 worker ant zombies
  20 adders
  4 gnolls
  111 river rats
  11 shadow imps
  A giant eyeball (Pan)
  12 white imps
  4 ufetubi
  An adder zombie (D:5)
  A lava snake skeleton (Crypt:2)
  2 worms
  6 giant geckos
  193 orcs
  3 ball pythons
  7 giant cockroaches
  6 goblins
  8 hobgoblins
  17 jackals
  9 kobolds
  7 quokkas
  A ball python skeleton (D:5)
  9 bats
  A giant gecko skeleton (Crypt:2)
  A giant gecko zombie (Crypt:2)
  7 giant newts
  2 gnoll zombies (Ossuary)
  3 hobgoblin zombies
  6 kobold zombies
  An orc skeleton (Dis:7)
  An orc zombie (D:4)
  2 quokka skeletons
  A quokka zombie (D:8)
  5 rats
  6 crawling corpses
  9 fire vortices
  2 fungi
  2 lost souls (Crypt:3)
  A lurking horror (Abyss:4)
  8 plants
  A starspawn tentacle (Abyss:4)
  A starspawn tentacle segment (Abyss:4)
  3 tentacles
  4 tentacle segments
5360 creatures vanquished.

Vanquished Creatures (collateral kills)
  2 greater mummies
  A golden dragon (Zot:1)
  An Ice Fiend (Pan)
  A death cob (Zot:1)
  A shadow dragon (Vaults:5)
  An orc warlord (Orc:3)
  A cacodemon (Pan)
  A warmonger (Pan)
  2 stone giants (Vaults:5)
  A green draconian (Zot:1)
  2 black draconians
  A white draconian (Zot:4)
  A chaos champion (Pan)
  2 ettins (Vaults:5)
  A naga sharpshooter (Snake:4)
  A skeletal warrior (Tomb:3)
  3 ball lightnings (Pan)
  A starcursed mass (Abyss:4)
  A gelid demonspawn (Pan)
  An anubis guard (Tomb:2)
  2 mana vipers (Snake:4)
  3 smoke demons
  3 black mambas
  An orange demon (Tar:7)
  A red devil (Hell)
  A blue devil (Pan)
  A hydra skeleton (Hell)
  2 ushabtiu (Tomb:3)
  2 neqoxecs
  A large abomination (Abyss:4)
  A naga (Snake:4)
  A necrophage (Tar:7)
  An ice beast (Coc:7)
  A mummy (Tomb:3)
47 creatures vanquished.

Vanquished Creatures (others)
  A golden dragon (Vaults:5)
  A lich (Tar:7)
  A deep elf blademaster (Elf:3)
  An eldritch tentacle (Coc:7)
  Ilsuiw (Shoals:4)
  2 fire giants
  A draconian knight (Zig:6)
  A balrug (Pan)
  A blood saint (Pan)
  A deep elf death mage (Vaults:3)
  A monstrous demonspawn (Pan)
  An ogre mage (Vaults:4)
  2 merfolk aquamancers (Shoals:4)
  A soul eater (Hell)
  A shadow wraith (Vaults:3)
  37 death scarabs (Tomb:2)
  15 ball lightnings (Pan)
  3 wizards (Pan)
  An iron dragon skeleton (Geh:7)
  A sixfirhy (Pan)
  2 orange demons (Pan)
  2 drowned souls (Abyss:4)
  A smoke demon (Pan)
  A hellwing (Pan)
  10 flying skulls
  A ynoxinul (Pan)
  2 humans (Shoals:2)
  2 deep elf fighters (Elf:2)
  A harpy simulacrum (Hell)
  A small abomination (Abyss:4)
  3 crimson imps (Coc:1)
  An orc (D:8)
  An orc skeleton (Geh:1)
  An orc zombie (Dis:5)
  2 crawling corpses (Vaults:5)
  125 eldritch tentacle segments
  301 fire vortices
  36 fungi
  8 lost souls
  A lurking horror (Abyss:4)
  22 plants
  17 starspawn tentacles
  50 starspawn tentacle segments
  25 tentacles
  528 tentacle segments
1218 creatures vanquished.

Grand Total: 6625 creatures vanquished

Notes
Turn   | Place    | Note
--------------------------------------------------------------
     0 | D:1      | Lombar the Gargoyle Earth Elementalist began the quest for the Orb.
     0 | D:1      | Reached XP level 1. HP: 10/10 MP: 3/3
   330 | D:1      | Reached XP level 2. HP: 10/15 MP: 0/5
   517 | D:1      | Found a shattered altar of Ashenzari.
   876 | D:1      | Reached XP level 3. HP: 19/19 MP: 5/7
   965 | D:1      | Learned a level 3 spell: Stone Arrow
   968 | D:1      | Learned a level 2 spell: Stoneskin
  1393 | D:2      | Reached skill level 4 in Earth Magic
  1401 | D:2      | Upgraded the game from 0.17-a0-1871-gdc8eb4e to 0.17-a0-1882-g750edc8
  1702 | D:2      | Reached XP level 4. HP: 22/24 MP: 5/9
  1809 | D:2      | Found a shimmering altar of Xom.
  2267 | D:3      | Noticed Terence
  2413 | D:3      | Killed Terence
  2413 | D:3      | Reached XP level 5. HP: 25/28 MP: 2/11
  2509 | D:3      | Found a sparkling altar of Nemelex Xobeh.
  2514 | D:3      | Found a white marble altar of Elyvilon.
  2553 | D:3      | Found a bloodstained altar of Trog.
  2775 | D:3      | Reached skill level 5 in Earth Magic
  2823 | D:3      | Noticed Jessica
  2827 | D:3      | Killed Jessica
  3075 | D:4      | Noticed Eustachio
  3086 | D:4      | Killed Eustachio
  3086 | D:4      | Reached skill level 5 in Spellcasting
  3086 | D:4      | Reached XP level 6. HP: 27/32 MP: 0/13
  3295 | D:4      | Reached XP level 7. HP: 36/36 MP: 10/15
  3624 | D:4      | Noticed a slave
  3880 | D:4      | Got a warped mace
  3881 | D:4      | Identified the cursed +1 mace of the Valley {crush, rC+ rN+ MP+9} (You found it on level 4 of the Dungeon)
  3952 | D:5      | Entered Level 5 of the Dungeon
  3975 | D:5      | Reached skill level 6 in Earth Magic
  3986 | D:5      | Learned a level 5 spell: Lee's Rapid Deconstruction
  4035 | D:5      | Found a stormy altar of Qazlal.
  4041 | D:5      | Noticed Grinder
  4045 | D:5      | Paralysed by Grinder for 2 turns
  4049 | D:5      | Killed Grinder
  4049 | D:5      | Reached skill level 1 in Fighting
  4049 | D:5      | Reached skill level 1 in Maces & Flails
  4049 | D:5      | Reached skill level 1 in Armour
  4049 | D:5      | Reached skill level 1 in Conjurations
  4214 | D:5      | Reached XP level 8. HP: 39/44 MP: 5/17
  4270 | D:5      | Found an iron altar of Okawaru.
  4629 | D:5      | Found a staircase to the Ecumenical Temple.
  4649 | Temple   | Entered the Ecumenical Temple
  4776 | D:5      | Found a sacrificial altar of Ru.
  4956 | D:4      | Noticed Pikel
  4956 | D:4      | Noticed a slave
  4964 | D:4      | Noticed a slave
  4993 | D:4      | Paralysed by Pikel for 6 turns
  4996 | D:4      | Noticed a slave
  5013 | D:4      | Paralysed by Pikel for 7 turns
  5022 | D:4      | Killed Pikel
  5192 | D:3      | Noticed Crazy Yiuf
  5201 | D:3      | Killed Crazy Yiuf
  5635 | D:6      | Noticed Prince Ribbit
  5717 | D:6      | Reached XP level 9. HP: 25/50 MP: 6/19
  5893 | D:6      | Found a deep blue altar of Sif Muna.
  6049 | D:6      | Found a sand-covered staircase.
  6057 | Ossuary  | Entered an ossuary
  6226 | Ossuary  | Reached skill level 7 in Spellcasting
  6507 | D:6      | Reached skill level 1 in Evocations
  7231 | D:6      | Killed Prince Ribbit
  7651 | D:7      | Found a burning altar of Makhleb.
  7730 | D:7      | Found Ulucezxu's Weapon Shoppe.
  7939 | D:7      | Found a snail-covered altar of Cheibriados.
  8200 | D:8      | Noticed Joseph
  8208 | D:8      | Killed Joseph
  8208 | D:8      | Reached XP level 10. HP: 51/57 MP: 2/21
  8415 | D:8      | Found a shadowy altar of Dithmenos.
  8428 | D:8      | Found a staircase to the Lair.
  8684 | D:8      | Found a radiant altar of Vehumet.
  8689 | D:8      | Became a worshipper of Vehumet
  8982 | D:8      | Reached skill level 8 in Spellcasting
  9016 | D:8      | Found an ancient bone altar of Kikubaaqudgha.
  9165 | D:8      | Noticed gilsham's ghost (experienced FoFi)
  9429 | D:7      | Reached skill level 5 in Conjurations
  9509 | D:7      | Acquired Vehumet's first power
  9509 | D:7      | Offered knowledge of Flame Tongue by Vehumet.
  9538 | D:8      | Killed gilsham's ghost
  9538 | D:8      | Reached skill level 5 in Armour
  9863 | Lair:1   | Entered Level 1 of the Lair of Beasts
  9863 | Lair:1   | Noticed Nergalle
  9895 | D:8      | Killed Nergalle
  9895 | D:8      | Reached skill level 5 in Fighting
 10297 | Lair:1   | Reached XP level 11. HP: 59/64 MP: 19/23
 10415 | Lair:1   | Learned a level 5 spell: Bolt of Magma
 11169 | Lair:2   | Offered knowledge of Throw Frost by Vehumet.
 11276 | Lair:2   | Reached skill level 1 in Fire Magic
 11328 | Lair:2   | Reached skill level 9 in Spellcasting
 11948 | Lair:2   | Reached skill level 5 in Maces & Flails
 12074 | Lair:3   | Noticed a five-headed hydra
 12493 | Lair:3   | Offered knowledge of Searing Ray by Vehumet.
 12804 | Lair:3   | Reached skill level 5 in Dodging
 12806 | Lair:3   | Acquired Vehumet's second power
 12957 | Lair:3   | Killed a five-headed hydra
 13015 | Lair:3   | Reached XP level 12. HP: 44/71 MP: 5/25
 13876 | Lair:4   | Noticed Sonja
 13903 | Lair:4   | Learned a level 6 spell: Iron Shot
 14090 | Lair:4   | Noticed zigs's ghost (powerful OgWr)
 14098 | Lair:4   | Reached skill level 10 in Spellcasting
 15316 | D:9      | Found a shattered altar of Ashenzari.
 15325 | D:9      | Offered knowledge of Dazzling Spray by Vehumet.
 15511 | D:9      | Noticed a centaur warrior
 15527 | D:9      | Killed a centaur warrior
 15527 | D:9      | Reached skill level 5 in Evocations
 15578 | D:9      | Noticed a hill giant
 15587 | D:9      | Killed a hill giant
 15587 | D:9      | Reached skill level 1 in Shields
 15695 | D:9      | Noticed a rakshasa
 15766 | D:9      | Killed a rakshasa
 16125 | D:8      | Killed a rakshasa
 16339 | D:9      | Got a fine quarterstaff
 16344 | D:9      | Identified the +8 quarterstaff "Yxaihuos" {antimagic, rN+} (You found it on level 9 of the Dungeon)
 16669 | D:10     | Entered Level 10 of the Dungeon
 16681 | D:10     | Reached skill level 10 in Earth Magic
 16681 | D:10     | Reached XP level 13. HP: 69/77 MP: 27/27
 17043 | D:10     | Acquired Vehumet's third power
 17216 | D:10     | Noticed DecibelRebel's ghost (powerful HOFi)
 17456 | D:10     | Killed DecibelRebel's ghost
 17535 | D:10     | Gained mutation: Your magical capacity is low (-10% MP). [mutagenic meat]
 17536 | D:10     | Gained mutation: Your magical capacity is very low (-20% MP). [mutagenic meat]
 17537 | D:10     | Gained mutation: You possess an exceptional clarity of mind. [mutagenic meat]
 17538 | D:10     | Lost mutation: You possess an exceptional clarity of mind. [potion of cure mutation]
 17538 | D:10     | Lost mutation: Your magical capacity is very low (-20% MP). [potion of cure mutation]
 17538 | D:10     | Lost mutation: Your magical capacity is low (-10% MP). [potion of cure mutation]
 17539 | D:10     | Gained mutation: Your large and strong wings let you fly indefinitely. [mutagenic meat]
 17540 | D:10     | Gained mutation: You are weak. (Str -2) [mutagenic meat]
 17541 | D:10     | Lost mutation: You are weak. (Str -2) [potion of cure mutation]
 17541 | D:10     | Lost mutation: Your large and strong wings let you fly indefinitely. [potion of cure mutation]
 17583 | D:10     | Offered knowledge of Fireball by Vehumet.
 17629 | D:10     | Learned a level 5 spell: Fireball
 19135 | D:12     | Reached skill level 5 in Fire Magic
 19279 | D:12     | Offered knowledge of Bolt of Draining by Vehumet.
 19347 | D:12     | Found a staircase to the Orcish Mines.
 19389 | Orc:1    | Entered Level 1 of the Orcish Mines
 19432 | Orc:1    | Found Ucask's Distillery.
 19444 | Orc:1    | Bought a potion of might for 44 gold pieces
 19444 | Orc:1    | Bought a potion of haste for 110 gold pieces
 19444 | Orc:1    | Bought a potion of ambrosia for 88 gold pieces
 19444 | Orc:1    | Bought 2 potions of heal wounds for 110 gold pieces
 19444 | Orc:1    | Bought 2 potions of haste for 220 gold pieces
 19444 | Orc:1    | Bought a potion of flight for 33 gold pieces
 20239 | Orc:1    | Found Deym's Assorted Antiques.
 20265 | Orc:1    | Found Non Maoz's Antique Armour Boutique.
 20284 | Orc:1    | Bought the +2 pair of boots of the Assassin {DetectMon Stab+ Stlth++} for 596 gold pieces
 20471 | Orc:2    | Found Hithrareata's Armour Boutique.
 20489 | Orc:2    | Noticed Maud
 20489 | Orc:2    | Noticed Urug
 20570 | Orc:2    | Killed Maud
 20619 | Orc:2    | Killed Urug
 20624 | Orc:2    | Reached skill level 11 in Spellcasting
 20665 | Orc:2    | Found Edaoraax's Antique Armour Emporium.
 20833 | Orc:2    | Found Syext's Antique Weapon Emporium.
 21014 | Orc:1    | Found Kazuwn's Food Shoppe.
 21356 | Orc:3    | Found a staircase to the Elven Halls.
 21660 | Orc:3    | Noticed Josephine
 21675 | Orc:3    | Killed Josephine
 21884 | Orc:4    | Entered Level 4 of the Orcish Mines
 21891 | Orc:4    | Offered knowledge of Iskenderun's Battlesphere by Vehumet.
 22125 | Orc:4    | Found Mosafiunk's Jewellery Boutique.
 22127 | Orc:4    | Noticed a stone giant
 22128 | Orc:4    | Found Suuc's General Store.
 22145 | Orc:4    | Killed a stone giant
 22187 | Orc:4    | Bought a scroll of teleportation for 36 gold pieces
 22187 | Orc:4    | Bought a potion of magic for 96 gold pieces
 22289 | Orc:4    | Bought the brooch of Shielding {Ward rN+ AC+4 EV+4} for 889 gold pieces
 22820 | Lair:4   | Gained mutation: Your large and strong wings let you fly indefinitely. [Gargoyle growth]
 22820 | Lair:4   | Reached XP level 14. HP: 78/84 MP: 29/29
 22906 | Lair:4   | Killed Sonja
 23283 | Lair:4   | Found a staircase to the Snake Pit.
 23442 | Lair:3   | Offered knowledge of Bolt of Fire by Vehumet.
 24165 | Lair:5   | Noticed a six-headed hydra
 24171 | Lair:5   | Killed a six-headed hydra
 25179 | Lair:5   | Reached skill level 10 in Conjurations
 25547 | Lair:6   | Found a staircase to the Shoals.
 26278 | Lair:7   | Found a staircase to the Slime Pits.
 26278 | Lair:7   | Found a viscous altar of Jiyva.
 26520 | Lair:7   | Offered knowledge of Poison Arrow by Vehumet.
 27265 | Lair:7   | Reached XP level 15. HP: 75/91 MP: 22/30
 27722 | Lair:8   | Entered Level 8 of the Lair of Beasts
 28297 | Lair:7   | Reached skill level 12 in Spellcasting
 28354 | Lair:8   | Offered knowledge of Delayed Fireball by Vehumet.
 28373 | Lair:8   | Learned a level 7 spell: Delayed Fireball
 29045 | Lair:8   | Reached skill level 10 in Fighting
 29779 | Orc:4    | Noticed an orc warlord
 29811 | Orc:3    | Killed an orc warlord
 30256 | Orc:4    | Found Akemopniadgh's Jewellery Emporium.
 30324 | Orc:4    | Found Uqoeclia's Jewellery Emporium.
 30337 | Orc:4    | Found Jibocw's Distillery.
 30337 | Orc:4    | Found Innim's Distillery.
 30352 | Orc:4    | Bought a +3 ring of intelligence for 219 gold pieces
 30356 | Orc:4    | Bought a potion of heal wounds for 70 gold pieces
 30357 | Orc:4    | Bought a potion of heal wounds for 60 gold pieces
 30357 | Orc:4    | Bought a potion of heal wounds for 60 gold pieces
 30497 | Orc:4    | Bought 2 potions of brilliance for 96 gold pieces
 30544 | Elf:1    | Entered Level 1 of the Elven Halls
 30632 | Elf:1    | Found Ticitsod's Distillery.
 30884 | Elf:1    | Offered knowledge of Conjure Ball Lightning by Vehumet.
 31160 | Elf:1    | Identified Sehati's Papyrus of Calling
 31190 | Elf:1    | Cast into the Abyss (a deep elf demonologist)
 31443 | Abyss:1  | Noticed a tentacled starspawn
 31458 | Abyss:1  | HP: 1/92 [efreet/bolt of fire (24)]
 31465 | Abyss:1  | Reached XP level 16. HP: 65/97 MP: 29/32
 31468 | Abyss:1  | Killed a tentacled starspawn
 31488 | Elf:1    | Escaped the Abyss
 31527 | Elf:1    | Learned a level 2 spell: Swiftness
 32194 | Elf:2    | Noticed Azrael
 32345 | Elf:1    | Reached skill level 13 in Spellcasting
 32729 | Elf:2    | Killed Azrael
 32785 | Elf:2    | Noticed Roxanne
 32808 | Elf:2    | Killed Roxanne
 32812 | Elf:2    | Identified Roxanne's Compendium of Transmutation (You took it off Roxanne on level 2 of the Elven Halls)
 33088 | Elf:2    | Found Zysuoroe's Assorted Antiques.
 33100 | Elf:2    | Noticed Nikola
 33205 | Elf:2    | Killed Nikola
 33553 | Elf:2    | Found a runed gate.
 33553 | Elf:2    | Found a runed gate.
 33564 | Elf:2    | Found a runed gate.
 33625 | Elf:2    | Reached skill level 10 in Maces & Flails
 33932 | Elf:2    | Noticed Garrluk's ghost (mighty OgGl)
 34602 | Snake:1  | Entered Level 1 of the Snake Pit
 34839 | Lair:4   | Killed zigs's ghost
 35429 | Lair:4   | Reached XP level 17. HP: 50/104 MP: 31/34
 36118 | Snake:1  | Noticed Rupert
 36127 | Snake:1  | Killed Rupert
 36302 | Snake:1  | Offered knowledge of Orb of Destruction by Vehumet.
 36315 | Snake:1  | Found Ixkuth's Magic Scroll Shop.
 37129 | Snake:2  | Reached skill level 14 in Spellcasting
 37355 | Snake:2  | Reached skill level 10 in Fire Magic
 38293 | Snake:3  | Noticed johnspovegas's ghost (powerful GrFi)
 38301 | Snake:3  | Killed johnspovegas's ghost
 38725 | Snake:4  | Entered Level 4 of the Snake Pit
 38754 | Snake:4  | Offered knowledge of Lehudib's Crystal Spear by Vehumet.
 38754 | Snake:4  | Offered knowledge of Fire Storm by Vehumet.
 38754 | Snake:4  | Offered knowledge of Glaciate by Vehumet.
 39124 | Snake:4  | Reached XP level 18. HP: 93/111 MP: 6/36
 39520 | Snake:4  | Learned a level 8 spell: Lehudib's Crystal Spear
 40527 | D:13     | Reached skill level 10 in Evocations
 41184 | D:13     | Found a gate to the Vaults.
 41847 | D:14     | Learned a level 3 spell: Mephitic Cloud
 41881 | D:14     | Found a shadowy altar of Dithmenos.
 42056 | D:14     | Got a shimmering plate armour
 42081 | D:14     | Identified the +10 plate armour of Trog's Whim {Int+2} (You found it on level 14 of the Dungeon)
 42489 | D:15     | Entered Level 15 of the Dungeon
 42623 | D:15     | Reached skill level 15 in Spellcasting
 42724 | D:15     | Found a staircase to the Depths.
 43474 | Shoals:1 | Entered Level 1 of the Shoals
 43641 | Shoals:1 | Reached skill level 1 in Staves
 43903 | Shoals:1 | Found Fienu's Gadget Shoppe.
 44280 | Shoals:2 | Reached XP level 19. HP: 98/117 MP: 29/38
 44295 | Shoals:2 | Noticed Kirke
 44295 | Shoals:2 | Noticed Polyphemus
 44327 | Shoals:2 | Killed Kirke
 44408 | Shoals:2 | Killed Polyphemus
 45870 | Shoals:4 | Entered Level 4 of the Shoals
 45957 | Shoals:4 | Got a scorched plate armour
 45959 | Shoals:4 | Identified the cursed +1 plate armour "Kexzok" {Dex+3} (You found it on level 4 of the Shoals)
 45999 | Shoals:4 | Noticed Louise
 46135 | Shoals:4 | Killed Louise
 46318 | Shoals:4 | Got a barnacled rune of Zot
 46598 | Shoals:4 | Reached skill level 15 in Earth Magic
 46805 | Shoals:4 | Noticed Ilsuiw
 46914 | Shoals:4 | Killed Ilsuiw
 47136 | Shoals:4 | Reached skill level 16 in Spellcasting
 47200 | Shoals:4 | Reached XP level 20. HP: 78/124 MP: 20/40
 48523 | Snake:4  | Reached skill level 5 in Staves
 48527 | Snake:4  | Noticed Vashnia
 48790 | Snake:4  | Killed Vashnia
 49439 | Snake:4  | Got a serpentine rune of Zot
 49931 | D:13     | Upgraded the game from 0.17-a0-1882-g750edc8 to 0.17-a0-1899-ge84b1df
 49932 | Vaults:1 | Entered Level 1 of the Vaults
 51074 | Vaults:1 | Noticed Aizul
 51079 | Vaults:1 | Killed Aizul
 51179 | Vaults:1 | Noticed Asterion
 51184 | Vaults:1 | Killed Asterion
 51431 | Vaults:1 | Reached XP level 21. HP: 130/130 MP: 24/41
 52015 | Vaults:2 | Noticed Jorgrun
 52019 | Vaults:2 | Killed Jorgrun
 53052 | Vaults:2 | Reached skill level 17 in Earth Magic
 53737 | Vaults:3 | Found a staircase to the Crypt.
 54531 | Vaults:3 | Got a smelly ring mail
 54560 | Vaults:3 | Identified the +5 ring mail of Fedhas's Pride {rPois rF++ Int-2 Dex+2} (You took it off an orc knight on level 3 of the Vaults)
 54707 | Vaults:3 | Found Fyquddue's Book Shop.
 54709 | Vaults:3 | Found Sudapaj's Magic Scroll Boutique.
 54709 | Vaults:3 | Found Jyklaovy's Book Emporium.
 54752 | Vaults:3 | Bought a manual of Fighting for 1104 gold pieces
 54767 | Vaults:3 | Found Gizeh's Food Emporium.
 54769 | Vaults:3 | Noticed Saint Roka
 54777 | Vaults:3 | Killed Saint Roka
 54802 | Vaults:3 | Bought 5 fruits for 82 gold pieces
 54802 | Vaults:3 | Bought 4 fruits for 66 gold pieces
 54802 | Vaults:3 | Bought 4 fruits for 66 gold pieces
 55092 | Vaults:4 | Reached XP level 22. HP: 138/138 MP: 30/43
 55265 | Vaults:4 | Reached skill level 15 in Conjurations
 55316 | Vaults:4 | Found Rimaun's Jewellery Shoppe.
 56402 | Vaults:3 | Reached skill level 15 in Fighting
 57911 | Elf:3    | Entered Level 3 of the Elven Halls
 58165 | Elf:3    | Reached XP level 23. HP: 131/145 MP: 44/44
 58402 | Elf:3    | Found Jiplich's Jewellery Shop.
 58571 | Elf:3    | Reached skill level 18 in Earth Magic
 59017 | Elf:3    | Cast into the Abyss (a deep elf sorcerer)
 59064 | Abyss:1  | Gained mutation: Armour fits poorly on your strangely shaped body. [a neqoxec]
 59081 | Abyss:1  | Gained mutation: Your body sometimes deteriorates upon taking damage. [a neqoxec]
 59159 | Abyss:1  | Reached skill level 15 in Fire Magic
 59293 | Abyss:1  | Gained mutation: Scrolls take you a little longer to read. [a neqoxec]
 59680 | Abyss:1  | Noticed an ancient lich
 59756 | Abyss:1  | Noticed an ancient lich
 60022 | Abyss:1  | Identified Xesoits's Incunabulum of Curses
 60072 | Abyss:1  | Found a corrupted altar of Lugonu.
 60343 | Elf:3    | Escaped the Abyss
 60484 | Elf:3    | Got an ebony mace
 60485 | Elf:3    | Identified the +0 mace "Widowermaker" {speed, rF+} (You found it on level 3 of the Elven Halls)
 60567 | Elf:3    | Got a translucent marble ring
 60568 | Elf:3    | Got a crude dagger {pierce}
 60568 | Elf:3    | Got an ancient leather armour
 60581 | Elf:3    | Identified the +3 leather armour "Hiluto Vaos" {Int+3} (You took it off a deep elf sorcerer on level 3 of the Elven Halls)
 60636 | Elf:3    | Identified Bahirph Taogg's Compendium of Sinister Protection
 60641 | Elf:3    | Learned a level 3 spell: Regeneration
 60660 | Elf:3    | Identified the ring "Ycwaoz" {+Fly rPois rF+ rC- Dex+3} (You took it off a deep elf sorcerer on level 3 of the Elven Halls)
 60702 | Elf:3    | Got a pitted granite ring
 60704 | Elf:3    | Identified the ring of the Nine Dances {+Fly rC- rN++ Int+4 Stlth+} (You found it on level 3 of the Elven Halls)
 60715 | Elf:3    | Learned a level 9 spell: Fire Storm
 60740 | Elf:3    | Gained mutation: Scrolls take you longer to read. [potion of mutation]
 60740 | Elf:3    | Gained mutation: You are agile. (Dex +2) [potion of mutation]
 60746 | Elf:3    | Identified a scroll of acquirement
 60804 | Elf:3    | Identified a +4 rod of the swarm (11/11) (You found it on level 3 of the Elven Halls)
 61394 | Lair:2   | Lost mutation: You are agile. (Dex +2) [potion of cure mutation]
 61394 | Lair:2   | Lost mutation: Your body sometimes deteriorates upon taking damage. [potion of cure mutation]
 61394 | Lair:2   | Lost mutation: Scrolls take you longer to read. [potion of cure mutation]
 61394 | Lair:2   | Lost mutation: Scrolls take you a little longer to read. [potion of cure mutation]
 61590 | Depths:1 | Entered Level 1 of the Depths
 61924 | Depths:1 | Noticed Margery
 61935 | Depths:1 | Killed Margery
 61935 | Depths:1 | Reached XP level 24. HP: 116/154 MP: 28/45
 61954 | Depths:1 | Found a gateway to Hell.
 63607 | Depths:2 | Got a crude scale mail
 63618 | Depths:2 | Identified the +2 scale mail of Keskosk {rElec Dex+2} (You found it on level 2 of the Depths)
 63632 | Depths:2 | Got a coiled tin ring
 63641 | Depths:2 | Identified the ring "Juliwe Hiuwe" {rPois rF+ MR+} (You found it on level 2 of the Depths)
 63644 | Depths:2 | Identified the Almanac of the Magi
 63851 | Depths:2 | Found a one-way gate leading to the halls of Pandemonium.
 64134 | Depths:3 | Noticed SkyBlueFox's ghost (great HaHu)
 64139 | Depths:3 | Killed SkyBlueFox's ghost
 64146 | Depths:3 | Reached skill level 10 in Staves
 64851 | Hell     | Entered the Vestibule of Hell
 64851 | Hell     | Noticed Geryon
 64858 | Hell     | Noticed Murray
 65253 | Depths:4 | Got an encrusted leather armour
 65269 | Depths:4 | Identified the +0 leather armour "Ucakois" {Int+3} (You found it on level 4 of the Depths)
 65529 | Depths:4 | Reached XP level 25. HP: 56/162 MP: 40/45
 65607 | Depths:4 | Reached skill level 19 in Spellcasting
 65649 | Depths:4 | Noticed Jory
 65667 | Depths:4 | Killed Jory
 65694 | Depths:4 | Reached skill level 1 in Charms
 65742 | Depths:4 | Got a colourful robe
 65778 | Depths:4 | Identified the cursed +1 robe of Loss {MP+9 Str+4} (You found it on level 4 of the Depths)
 65887 | Depths:4 | Got a flickering granite ring
 65889 | Depths:4 | Identified the ring "Kieroite" {Str+2 Dex+4 Slay+3} (You found it on level 4 of the Depths)
 65995 | Depths:4 | Found a one-way gate to the infinite horrors of the Abyss.
 66019 | Depths:4 | Found a gateway to a ziggurat.
 66139 | Depths:5 | Entered Level 5 of the Depths
 66573 | Depths:5 | Found a gate to the Realm of Zot.
 68489 | Slime:1  | Entered Level 1 of the Pits of Slime
 69086 | Slime:4  | Gained mutation: You occasionally shout uncontrollably at your foes. [a shining eye]
 69196 | Slime:4  | Reached skill level 15 in Evocations
 69196 | Slime:4  | Reached XP level 26. HP: 73/170 MP: 8/46
 69489 | Slime:5  | Gained mutation: Your body sometimes deteriorates upon taking damage. [a shining eye]
 69541 | Slime:6  | Entered Level 6 of the Pits of Slime
 69554 | Slime:6  | Gained mutation: You are clumsy. (Dex -2) [a shining eye]
 69669 | Slime:6  | Gained mutation: Your magical capacity is low (-10% MP). [a shining eye]
 69920 | Slime:6  | Noticed the royal jelly
 70045 | Slime:6  | Killed the royal jelly
 71016 | Slime:6  | Got a slimy rune of Zot
 71104 | Slime:6  | Got a silken robe
 71115 | Slime:6  | Identified the cursed -5 robe of Misfortune {-Cast *Contam *Tele EV-4 Str-2 Int-2 Dex-2 Stlth-- *Curse} (You found it on level 6 of the Pits of Slime)
 71202 | Slime:6  | Reached skill level 20 in Spellcasting
 71226 | Slime:6  | Got a steaming ruby amulet
 71235 | Slime:6  | Identified the amulet "Beneuwow" {Gourm rN+++ SInv} (You found it on level 6 of the Pits of Slime)
 71803 | Orc:4    | Bought a potion of cure mutation for 490 gold pieces
 71901 | Elf:1    | Bought a potion of cure mutation for 525 gold pieces
 71901 | Elf:1    | Bought a potion of beneficial mutation for 525 gold pieces
 71901 | Elf:1    | Bought a potion of magic for 120 gold pieces
 71901 | Elf:1    | Lost mutation: Armour fits poorly on your strangely shaped body. [potion of cure mutation]
 71901 | Elf:1    | Lost mutation: You occasionally shout uncontrollably at your foes. [potion of cure mutation]
 71901 | Elf:1    | Lost mutation: Your magical capacity is low (-10% MP). [potion of cure mutation]
 71901 | Elf:1    | Lost mutation: Your body sometimes deteriorates upon taking damage. [potion of cure mutation]
 71901 | Elf:1    | Lost mutation: You are clumsy. (Dex -2) [potion of cure mutation]
 71902 | Elf:1    | Gained mutation: You have sharp toenails. [potion of beneficial mutation]
 72177 | Crypt:1  | Entered Level 1 of the Crypt
 72182 | Crypt:1  | Reached skill level 5 in Charms
 72527 | Crypt:1  | Noticed Mennas
 73267 | Vaults:3 | Killed Mennas
 74492 | Crypt:2  | Found an ancient bone altar of Kikubaaqudgha.
 74647 | Crypt:3  | Entered Level 3 of the Crypt
 74869 | Crypt:3  | Found an ancient bone altar of Kikubaaqudgha.
 74982 | Crypt:3  | Reached XP level 27. HP: 176/176 MP: 23/47
 75117 | Crypt:3  | Got a pair of bloodstained gloves
 75128 | Crypt:3  | Identified the +1 pair of gloves "Nokol" {rElec rC+} (You found it on level 3 of the Crypt)
 75170 | Crypt:3  | Identified the Compendium of Unholy Rituals
 75827 | Crypt:3  | Noticed an ancient lich
 75839 | Crypt:3  | Killed an ancient lich
 75856 | Crypt:3  | Found a staircase to the Tomb.
 76493 | Lair:2   | Upgraded the game from 0.17-a0-1899-ge84b1df to 0.17-a0-1909-g0b14330
 76502 | Lair:2   | Learned a level 7 spell: Spellforged Servitor
 76922 | Depths:1 | Cast into the Abyss (hell knight)
 77258 | Depths:1 | Escaped the Abyss
 77619 | Hell     | Killed Murray
 77652 | Hell     | Killed Geryon
 78173 | Hell     | Found a gateway to the ashen valley of Gehenna.
 78199 | Hell     | Reached skill level 21 in Spellcasting
 78306 | Hell     | Found a gateway to the Iron City of Dis.
 78373 | Hell     | Found a gateway to the freezing wastes of Cocytus.
 78451 | Hell     | Found a gateway to the decaying netherworld of Tartarus.
 79217 | Vaults:5 | Entered Level 5 of the Vaults
 79393 | Vaults:5 | Noticed Frederick
 79398 | Vaults:5 | Killed Frederick
 79609 | Vaults:5 | Reached skill level 10 in Armour
 79694 | Vaults:5 | Got a warped bone ring
 79702 | Vaults:5 | Identified the ring of Royalty {SustAt rPois Str+3} (You found it on level 5 of the Vaults)
 79705 | Vaults:5 | Identified a +2 rod of the swarm (9/9) (You found it on level 5 of the Vaults)
 80379 | Vaults:5 | Noticed an ancient lich
 80383 | Vaults:5 | Killed an ancient lich
 80394 | Vaults:5 | Got a silver rune of Zot
 81508 | Lair:8   | Found a burning altar of Makhleb.
 82106 | Zig:1    | Entered Level 1 of a ziggurat
 82133 | Zig:2    | Entered Level 2 of a ziggurat
 82247 | Zig:3    | Entered Level 3 of a ziggurat
 82270 | Zig:4    | Entered Level 4 of a ziggurat
 82322 | Zig:5    | Entered Level 5 of a ziggurat
 82384 | Zig:6    | Entered Level 6 of a ziggurat
 82436 | Zig:6    | Learned a level 9 spell: Shatter
 82450 | Zig:7    | Entered Level 7 of a ziggurat
 82496 | Zig:8    | Entered Level 8 of a ziggurat
 82515 | Zig:8    | Noticed Fygaujih the pandemonium lord
 82556 | Zig:8    | Killed Fygaujih the pandemonium lord
 83334 | Tomb:1   | Entered Level 1 of the Tomb of the Ancients
 83604 | Tomb:1   | Reached skill level 22 in Spellcasting
 87027 | Tomb:1   | Reached skill level 10 in Dodging
 87677 | Tomb:3   | Entered Level 3 of the Tomb of the Ancients
 88092 | Tomb:3   | Reached skill level 23 in Spellcasting
 88094 | Tomb:3   | Noticed Khufu
 88101 | Tomb:3   | Killed Khufu
 88346 | Tomb:3   | Got a distressingly furry robe
 88357 | Tomb:3   | Identified the cursed +1 robe of Grace {rPois rC+ Str+4 Stlth+} (You found it on level 3 of the Tomb of the Ancients)
 88374 | Tomb:3   | Identified the Handbook of Transmigration and the Voyage
 88390 | Tomb:3   | Got a brightly glowing silver ring
 88419 | Tomb:3   | Identified the ring "Iczolyna" {rElec rPois EV+1 Str-5 Dex+4} (You found it on level 3 of the Tomb of the Ancients)
 88441 | Tomb:3   | Got an encrusted quarterstaff
 88447 | Tomb:3   | Identified the +7 quarterstaff of the Turnip {venom, Dex+6} (You found it on level 3 of the Tomb of the Ancients)
 88456 | Tomb:3   | Identified the Papyrus of Air and the Compass (You found it on level 3 of the Tomb of the Ancients)
 88507 | Tomb:3   | Got a golden rune of Zot
 89793 | Pan      | Entered Pandemonium
 89854 | Pan      | Gained mutation: You are clumsy. (Dex -2) [a cacodemon]
 89976 | Pan      | Noticed Yvabonte the pandemonium lord
 90237 | Pan      | Got a fine leather armour
 90252 | Pan      | Identified the +2 leather armour "Ixuggo" {rF+} (You found it in Pandemonium)
 90723 | Pan      | Gained mutation: You have a pair of small horns on your head. [a cacodemon]
 90728 | Pan      | Found an exit through the horrors of the Abyss.
 90776 | Pan      | Noticed Grim's ghost (legendary MiBe)
 90795 | Pan      | Took an exit into the Abyss.
 90795 | Abyss:1  | Escaped into the Abyss
 90796 | Abyss:1  | Found a corrupted altar of Lugonu.
 91063 | Abyss:3  | Found a corrupted altar of Lugonu.
 91366 | Abyss:4  | Gained mutation: Scrolls take you longer to read. [a neqoxec]
 91378 | Abyss:4  | Paralysed by you for 7 turns
 92020 | Abyss:4  | Got an abyssal rune of Zot
 92022 | Abyss:4  | Gained mutation: You are frail (-10% HP). [a neqoxec]
 92032 | Abyss:4  | Gained mutation: You expend magic power (3 MP) to strengthen your wands. [a neqoxec]
 92116 | Depths:2 | Escaped the Abyss
 92380 | Lair:2   | Lost mutation: You are frail (-10% HP). [potion of cure mutation]
 92380 | Lair:2   | Lost mutation: You have a pair of small horns on your head. [potion of cure mutation]
 92380 | Lair:2   | Lost mutation: You are clumsy. (Dex -2) [potion of cure mutation]
 92380 | Lair:2   | Lost mutation: Scrolls take you a little longer to read. [potion of cure mutation]
 92380 | Lair:2   | Lost mutation: You have sharp toenails. [potion of cure mutation]
 92705 | Pan      | Entered Pandemonium
 92720 | Pan      | Gained mutation: Scrolls take you a little longer to read. [a neqoxec]
 92766 | Pan      | Gained mutation: You tend to lose your temper in combat. [a neqoxec]
 92767 | Pan      | Noticed Veanidd the pandemonium lord
 92773 | Pan      | Killed Veanidd the pandemonium lord
 92928 | Pan      | Gained mutation: You occasionally shout uncontrollably at your foes. [a neqoxec]
 93203 | Pan      | Got a demonic rune of Zot
 93656 | Pan      | Found an exit through the horrors of the Abyss.
 93905 | Pan      | Noticed Yselali the pandemonium lord
 94256 | Pan      | Noticed Waolo the pandemonium lord
 94265 | Pan      | Killed Waolo the pandemonium lord
 94509 | Pan      | Found an exit through the horrors of the Abyss.
 95173 | Pan      | Noticed Ydigitad the pandemonium lord
 95176 | Pan      | Killed Ydigitad the pandemonium lord
 95186 | Pan      | Reached skill level 24 in Spellcasting
 95718 | Pan      | Entered the realm of Cerebov.
 96132 | Pan      | Got a bloodstained leather armour
 96147 | Pan      | Identified the +3 leather armour "Low Siel" {rF+ rC+ Int+5} (You found it in Pandemonium)
 96183 | Pan      | Noticed Cerebov
 96201 | Pan      | Got a fiery rune of Zot
 96759 | Pan      | Noticed Cerebov
 96959 | Pan      | Gained mutation: You are occasionally teleported to nearby monsters. [a neqoxec]
 97216 | Pan      | Found an exit through the horrors of the Abyss.
 97280 | Pan      | Noticed Suuff the pandemonium lord
 97305 | Pan      | Noticed Kijor the pandemonium lord
 97316 | Pan      | Killed Kijor the pandemonium lord
 97355 | Depths:2 | Escaped Pandemonium
 97609 | Lair:2   | Lost mutation: You expend magic power (3 MP) to strengthen your wands. [potion of cure mutation]
 97609 | Lair:2   | Lost mutation: Scrolls take you a little longer to read. [potion of cure mutation]
 97609 | Lair:2   | Lost mutation: You are occasionally teleported to nearby monsters. [potion of cure mutation]
 97609 | Lair:2   | Lost mutation: You occasionally shout uncontrollably at your foes. [potion of cure mutation]
 97609 | Lair:2   | Lost mutation: You tend to lose your temper in combat. [potion of cure mutation]
 97610 | Lair:2   | Gained mutation: You have a pair of small antennae on your head. [potion of beneficial mutation]
 97611 | Lair:2   | Gained mutation: Your flesh is heat resistant. [potion of beneficial mutation]
 98337 | Lair:2   | Learned a level 7 spell: Ring of Flames
 98364 | Lair:2   | Upgraded the game from 0.17-a0-1909-g0b14330 to 0.17-a0-1910-g4c791fa
 98691 | Pan      | Entered the realm of Mnoleg.
 98691 | Pan      | Entered Pandemonium
 98760 | Pan      | Gained mutation: Scrolls take you a little longer to read. [a neqoxec]
 99167 | Pan      | Found an exit through the horrors of the Abyss.
 99329 | Pan      | Paralysed by a giant eyeball for 4 turns
100001 | Pan      | Noticed Mnoleg
100018 | Pan      | Killed Mnoleg
100039 | Pan      | Got a glowing rune of Zot
100100 | Pan      | Entered the realm of Lom Lobon.
100303 | Pan      | Found an exit through the horrors of the Abyss.
100946 | Pan      | Noticed Lom Lobon
101200 | Pan      | Got a magical rune of Zot
101567 | Pan      | Entered the realm of Gloorx Vloq.
101753 | Pan      | Got a vibrating pewter ring
101755 | Pan      | Identified the ring "Joerghir" {MR+ Str+3 Dex-2 Slay+3 Stlth+} (You found it in Pandemonium)
101942 | Pan      | Found an exit through the horrors of the Abyss.
102656 | Pan      | Noticed Gloorx Vloq
102663 | Pan      | Killed Gloorx Vloq
102703 | Pan      | Got a dark rune of Zot
102905 | Pan      | Took an exit into the Abyss.
102905 | Abyss:1  | Escaped into the Abyss
102905 | Abyss:1  | Noticed an ancient lich
102911 | Depths:2 | Escaped the Abyss
103591 | Zot:1    | Entered Level 1 of the Realm of Zot
105243 | Zot:2    | Reached skill level 10 in Charms
106655 | Zot:4    | Reached skill level 15 in Dodging
107333 | Zot:5    | Entered Level 5 of the Realm of Zot
107850 | Zot:5    | Reached skill level 25 in Fighting
107989 | Zot:5    | Noticed an ancient lich
107991 | Zot:5    | Killed an ancient lich
107998 | Zot:5    | Noticed an ancient lich
107999 | Zot:5    | Killed an ancient lich
108233 | Zot:5    | Noticed an ancient lich
108237 | Zot:5    | Killed an ancient lich
108357 | Zot:5    | Noticed an orb of fire
108362 | Zot:5    | Killed an orb of fire
108823 | Zot:5    | Noticed an orb of fire
108830 | Zot:5    | Gained mutation: You are clumsy. (Dex -2) [an orb of fire]
108832 | Zot:5    | Gained mutation: You are partially covered in iridescent scales (AC +4). [an orb of fire]
108833 | Zot:5    | Killed an orb of fire
108995 | Zot:5    | Noticed an ancient lich
109001 | Zot:5    | Killed an ancient lich
109719 | Elf:1    | Bought a potion of resistance for 150 gold pieces
109719 | Elf:1    | Bought a potion of haste for 150 gold pieces
109719 | Elf:1    | Bought a potion of curing for 45 gold pieces
109800 | Orc:1    | Bought a potion of cancellation for 88 gold pieces
109800 | Orc:1    | Bought a potion of cancellation for 88 gold pieces
110285 | Tar:1    | Entered Level 1 of Tartarus
110408 | Tar:2    | You are sucked into a shaft!
111117 | Tar:7    | Entered Level 7 of Tartarus
111754 | Tar:7    | Gained mutation: You tend to lose your temper in combat. [a neqoxec]
112028 | Tar:7    | Noticed the Serpent of Hell
112037 | Tar:7    | Killed the Serpent of Hell
112062 | Tar:7    | Noticed Ereshkigal
112512 | Tar:7    | Reached skill level 26 in Fighting
112898 | Tar:7    | Identified the Handbook of Shape Shifting (You found it on level 7 of Tartarus)
112905 | Tar:7    | Got a bone rune of Zot
113651 | Coc:1    | Entered Level 1 of Cocytus
114195 | Coc:7    | Entered Level 7 of Cocytus
114795 | Coc:7    | Noticed Antaeus
114843 | Coc:7    | Killed Antaeus
114851 | Coc:7    | Got a shimmering ruby amulet
114872 | Coc:7    | Got an icy rune of Zot
115038 | Hell     | Identified the amulet "Ryen" {Clar Dex+4} (You took it off Antaeus on level 7 of Cocytus)
115078 | Geh:1    | Entered Level 1 of Gehenna
116776 | Geh:7    | Entered Level 7 of Gehenna
117708 | Geh:4    | Gained mutation: You expend magic power (3 MP) to strengthen your wands. [mutagenic glow]
117979 | Geh:7    | Reached skill level 15 in Charms
118354 | Geh:7    | Identified the Compendium of Augmentations
118360 | Geh:7    | Identified the Reference Book on the Arsonist and Combat Magic
118379 | Geh:7    | Identified the Compendium of Combat Magic
118581 | Geh:7    | Noticed Asmodeus
119064 | Geh:7    | Reached skill level 27 in Fighting
119228 | Geh:7    | Got an obsidian rune of Zot
119642 | Elf:2    | Bought a scroll of blinking for 187 gold pieces
119642 | Elf:2    | Bought a potion of might for 100 gold pieces
119644 | Elf:2    | Bought a potion of heal wounds for 125 gold pieces
119744 | Orc:1    | Bought a potion of heal wounds for 165 gold pieces
120542 | Dis:1    | Entered Level 1 of the Iron City of Dis
120931 | Dis:7    | Entered Level 7 of the Iron City of Dis
123259 | Dis:7    | Noticed Dispater
123273 | Dis:7    | Killed Dispater
123297 | Dis:7    | Got a heavily runed silver ring
123323 | Dis:7    | Got an iron rune of Zot
123329 | Dis:7    | Got a heavily runed ring mail
123641 | Zot:2    | You are sucked into a shaft!
123885 | Zot:5    | Got the Orb of Zot
124048 | Zot:2    | Gained mutation: You are dopey. (Int -2) [a cacodemon]
124301 | Depths:1 | Noticed Qaessem the pandemonium lord
124541 | D:6      | Noticed Lom Lobon
124582 | D:4      | Noticed Caaph the pandemonium lord
124591 | D:3      | Killed Caaph the pandemonium lord
124596 | D:3      | Noticed Luuloegh the pandemonium lord
124788 | D:$      | Escaped with the Orb!

Vault maps used:
D:1:      minmay_arrival_shoal_huts, evilmike_ruin_ashenzari
D:2:      kennysheep_big_flooded_room, lemuel_doored_altar
D:3:      grunt_temple_overflow_open, first_bread, uniq_jessica,
          uniq_crazy_yiuf_cottage, uniq_terence
D:4:      serial_glass, glass_columns_a, glass_columns_c, minmay_mini_ossuary,
          uniq_eustachio, uniq_pikel
D:5:      nicolae_overflow_hidden_temple, okawaru_altar_gauntlet_db,
          nicolae_qazlal_general_emergency, minmay_temple_entry_trees,
          uniq_grinder
D:6:      lemuel_coloured_pillars_altar, gup_ossuary_entry_pyramid,
          lightli_orcish_oven, uniq_prince_ribbit1
D:7:      cheibriados_altar_wand_db, overflow_temple_1_default, serial_shops,
          shop, grunt_ogre_cave
D:8:      nicolae_overflow_crystal_walls, kennysheep_little_box,
          lemuel_crystal_altar, dpeg_oklobed_lair, uniq_joseph
D:9:      basic_altar, minmay_evil_grid
D:12:     erik_orc_1
D:13:     erik_vaults_2, einodemon_armed_red_devil_minivault
D:14:     grunt_dithmenos_smoke, grunt_ministairs_13, minmay_brainsmasher
D:15:     hangedman_depths_entry_civil_slaughter, minmay_misc_feat_rows
Temple:   nicolae_temple_hex_pool
Lair:1:   grunt_megastairs_5, lemuel_fruit_tree, uniq_nergalle
Lair:3:   minmay_lair_oklob_tunnel, nicolae_quartered_pool_little,
          infiniplex_staircase_pool_2
Lair:4:   minmay_snake_entry_guardpost_small, kennysheep_basilisk_garden,
          uniq_sonja
Lair:6:   elwin_shoals_entry_stream
Lair:7:   slime_altar_1, serial_bayou_shore_a, grunt_megastairs_4
Lair:8:   evil_forest
Shoals:1: serial_shops, nicolae_shop_stone, overgrown_hall
Shoals:2: uniq_kirke, uniq_polyphemus
Shoals:4: shoals_end_simple, shoal_ilsuiw, uniq_louise
Snake:1:  serial_shops, shop, grunt_ministairs_4, st_stairs_4,
          corexii_hall_statues_x, evilmike_ambush, uniq_rupert
Snake:2:  nrook_guardian_serpent_snake_passage, st_stairs_7, spider_trap
Snake:3:  serial_bayou_lagoon_a, spider_trap
Snake:4:  minmay_snake_end_coiled, uniq_vashnia
Slime:1:  cheibrodos_slime_lost_civilization_7
Slime:4:  cheibrodos_slime_lost_civilization_6
Orc:1:    serial_shops, nicolae_shop_scaring_up_business, nicolae_shop_stone,
          nicolae_shop_trees, shop
Orc:2:    serial_shops, shop, nicolae_shop_window_shopping, nicolae_shop_stone,
          uniq_maud, uniq_urug
Orc:3:    nicolae_orc_pool_cavern, uniq_josephine
Orc:4:    st_orc_mages, serial_shops, nicolae_shop_trees, nicolae_shop_stone
Elf:1:    elf_arrival_002, serial_shops, shop_fountains, minmay_elf_demonology
Elf:2:    serial_shops, shop, basic_stair_grate_trap, uniq_azrael, uniq_roxanne,
          uniq_nikola
Elf:3:    minmay_elf_hall_hex, serial_shops, shop
Vaults:1: hangedman_vaults_locks, nicolae_vaults_diagonal_hallway_6,
          hangedman_vaults_slice, vaults_dpeg_hooks, hangedman_vaults_cutoff,
          vaults_room_hallway, vaults_room_stairs_pillars,
          hangedman_vaults_trim, uniq_aizul, uniq_asterion
Vaults:2: nicolae_vaults_ring_of_whatevers, hangedman_vaults_stitches,
          v_misc_10, v_alt_pattern_3, v_pattern_5, vaults_room_grid,
          nicolae_vaults_three_branches, nicolae_vaults_circle_grid_b,
          vaults_room_fours, uniq_jorgrun
Vaults:3: v_misc_32, nicolae_vaults_meeting,
          vaults_standard_mumra_enter_the_diamond, dpeg_vaults_monster_box,
          minmay_crypt_entry_simple_box, vaults_room_large_hall,
          ontoclasm_vaults_pinch, vaults_room_pools, vaults_room_grid,
          vaults_dpeg_diagonal, v_pattern_3, hangedman_vaults_trim,
          vaults_room_semicircle, vaults_standard_mumra_enter_the_diamond,
          nicolae_vaults_shelves_hall, vaults_room_ringed_pool,
          vaults_room_pool, serial_shops, shop, shop_scrolls, shop,
          shop_fountains, uniq_saint_roka
Vaults:4: v_misc_26, ontoclasm_vaults_chip, v_misc_15, hangedman_vaults_slice,
          vaults_mumra_hex, v_misc_10, hangedman_vaults_stretched_pinwheel,
          nicolae_vaults_little_squares_3, ontoclasm_vaults_hangar,
          v_alt_pattern_2, ontoclasm_vaults_ring_small,
          ontoclasm_vaults_shuriken, serial_shops, shop
Vaults:5: serial_shops, uniq_frederick
Crypt:1:  evilmike_ambush, uniq_mennas
Crypt:2:  basic_altar, uniq_margery
Crypt:3:  grunt_crypt_end_deaths_head
Depths:1: grunt_metal_band, roderic_lattice_a, kennysheep_pointless_box,
          minivault_14, roderic_roman_lattice, serial_bayou_pond_d,
          kennysheep_generic_room_5
Depths:2: kennysheep_water_balloons, grunt_pan_entry_zigzag,
          hangedman_decor_diamond_cutter, hell_entry,
          infiniplex_staircase_9_rooms
Depths:3: cheibrodos_birdhouse, hell_entry, infiniplex_staircase_pillars_2,
          pan_entry, hangedman_decor_lopped
Depths:4: minmay_tri_stars, enter_ziggurat_c, abyss_entry,
          grunt_hell_entry_dis_grunt, uniq_jory
Depths:5: evilmike_zot_entry_argh, rand_demon_pan_entry_4,
          hangedman_coc_ice_floe, hangedman_decor_peaks_small
Dis:2:    hangedman_dis_decor_blocks_mantle
Dis:3:    hangedman_dis_monolith
Dis:4:    nicolae_dis_hell_towers
Dis:6:    lemuel_dis_dragons
Dis:7:    dis_hangedman
Geh:2:    grunt_megastairs_2
Geh:5:    grunt_megastairs_3
Geh:7:    evilmike_geh
Coc:1:    minmay_fire_ice_demons
Coc:7:    coc_grunt
Tar:3:    hangedman_tartarus_temple_path, nicolae_tar_cuneiform_heaven
Tar:7:    tar_minmay_river
Zot:2:    amethyst_zot_foddershock
Zot:4:    grunt_twist_and_shout
Abyss:2:  minivault_27, hangedman_abyss_or_decor_slice
Abyss:3:  minivault_25, due_abyss_rune, evilmike_abyss_exit_vortex
Abyss:4:  hangedman_shadowy_showcase, hangedman_abyss_rune_flesh_and_stone,
          evilmike_abyss_exit_5, minivault_26, hangedman_steaming_rock
Pan:      nicolae_pan_double_arrow, pan_blood_fountain, nicolae_pan_sigil_itan,
          nicolae_pan_gloorx_vloqian_2, rand_demon_4, lemuel_hall_of_pain,
          rand_demon_6, evilmike_mini_pan_doors_b, pan_blood_fountain,
          grunt_pan_zigzag, pan_blood_fountain_small, rand_demon_9,
          nicolae_pan_sigil_obb, evilmike_mini_pan_corner, rand_demon_3,
          nicolae_pan_lom_lobonic_2, nicolae_pan_strange_glyphs, cerebov,
          reaverb_pan_chaos_star, evilmike_mini_pan_V,
          nicolae_pan_cerebovesque_2, pan_disco_hall, uniq_cerebov,
          nicolae_pan_double_arrow, pan_blood_fountain, uniq_cerebov,
          evilmike_mini_pan_diamond, pan_blood_fountain_2,
          nicolae_pan_sick_transit, evilmike_mini_pan_possible_glass, mnoleg_st,
          nicolae_pan_cerebovesque_4, lom_lobon_st, pan_blood_fountain,
          evilmike_mini_pan_diamond, uniq_lom_lobon, gloorx_vloq,
          pan_blood_fountain_small
Zig:5:    ziggurat_loot_1
Ossuary:  ossuary_tomb_3

Action                   |  1- 3 |  4- 6 |  7- 9 | 10-12 | 13-15 | 16-18 | 19-21 | 22-24 | 25-27 || total
-------------------------+-------+-------+-------+-------+-------+-------+-------+-------+-------++-------
Melee: Unarmed           |     7 |       |       |       |       |       |       |       |       ||     7
       Mace              |    17 |    25 |   205 |   492 |  1779 |   553 |       |       |    16 ||  3087
       Staff             |       |       |       |       |       |   241 |   942 |   847 |  6814 ||  8844
       Dagger            |       |       |       |       |       |       |       |       |    38 ||    38
 Cast: Sandblast         |    50 |    72 |    17 |       |       |       |       |       |       ||   139
       Stone Arrow       |     1 |     2 |   133 |   334 |   384 |   366 |   149 |    57 |    15 ||  1441
       Stoneskin         |       |     5 |    14 |    14 |    12 |    13 |    22 |    20 |    45 ||   145
       Lee's Rapid Decon |       |       |       |    34 |    47 |    86 |    30 |    86 |   410 ||   693
       Bolt of Magma     |       |       |       |     5 |   119 |   123 |   183 |   108 |   258 ||   796
       Iron Shot         |       |       |       |     1 |    56 |   128 |    92 |   150 |  1225 ||  1652
       Fireball          |       |       |       |       |    32 |    25 |    75 |    37 |    44 ||   213
       Swiftness         |       |       |       |       |       |     3 |     1 |     1 |     2 ||     7
       Delayed Fireball  |       |       |       |       |       |     1 |     1 |       |       ||     2
       Lehudib's Crystal |       |       |       |       |       |       |     6 |    43 |   177 ||   226
       Regeneration      |       |       |       |       |       |       |       |       |   209 ||   209
       Fire Storm        |       |       |       |       |       |       |       |       |   132 ||   132
       Shatter           |       |       |       |       |       |       |       |       |    75 ||    75
       Spellforged Servi |       |       |       |       |       |       |       |       |     6 ||     6
 Abil: Fly               |       |       |       |       |     1 |     1 |     3 |       |       ||     5
       Stop Flying       |       |       |       |       |       |     1 |     3 |       |       ||     4
       Release Delayed F |       |       |       |       |       |       |     1 |       |       ||     1
Evoke: Stone of tremors  |       |       |       |       |     1 |     2 |       |       |       ||     3
       Wand              |       |       |       |       |       |     3 |       |     6 |    44 ||    53
       Fan of gales      |       |       |       |       |       |     1 |       |     1 |     6 ||     8
       Sack of spiders   |       |       |       |       |       |     1 |       |     1 |       ||     2
       Staff of energy   |       |       |       |       |       |       |       |     1 |       ||     1
       Disc of storms    |       |       |       |       |       |       |       |       |     5 ||     5
       Horn of Geryon    |       |       |       |       |       |       |       |       |     1 ||     1
       Phial of floods   |       |       |       |       |       |       |       |       |     1 ||     1
  Use: Scroll            |     5 |     2 |    10 |    15 |     7 |    10 |     6 |     8 |    53 ||   116
       Potion            |       |       |       |    12 |     5 |     3 |     9 |     5 |    61 ||    95
 Stab: Sleeping          |       |       |     6 |     5 |    21 |     3 |    11 |     2 |    37 ||    85
       Distracted        |       |       |       |       |     1 |       |     1 |     3 |    12 ||    17
       Invisible         |       |       |       |       |       |       |       |       |     1 ||     1
  Eat: Chunk             |     3 |     5 |    10 |    22 |    84 |    48 |    32 |    32 |    62 ||   298
       Bread ration      |       |       |     2 |     1 |     4 |     1 |       |     2 |    23 ||    33
       Beef jerky        |       |       |       |     1 |     2 |     1 |       |       |     5 ||     9
       Fruit             |       |       |       |     5 |     4 |       |       |     3 |    44 ||    56
       Meat ration       |       |       |       |     1 |       |     2 |     2 |       |    21 ||    26
       Royal jelly       |       |       |       |     1 |       |     1 |       |       |     1 ||     3
       Pizza             |       |       |       |       |     1 |       |     1 |     1 |    11 ||    14
